 Dungeon Crawl Stone Soup version 0.20-a0-470-gbb038bd (webtiles) character file.

382 Dfrag the Conjurer (level 6, 0/73 HPs)
             Began as a Naga Conjurer on Jan 13, 2017.
             Was an Initiate of Vehumet.
             Succumbed to an orc wizard's poison
             ... on level 4 of the Dungeon.
             The game lasted 00:04:36 (2894 turns).

Dfrag the Conjurer (Naga Conjurer)                  Turns: 2894, Time: 00:04:36

Health: 0/73       AC: 23    Str: 11    XL:     6   Next: 76%
Magic:  2/14       EV:  1    Int: 17    God:    Vehumet [......]
Gold:   337        SH:  0    Dex: 11    Spells: 12/15 levels left

rFire  . . .     SeeInvis +     w - +2 flail (protect)
rCold  . . .     Gourm    .     (armour currently unavailable)
rNeg   + + +     Faith    .     (no shield)
rPois  +         Spirit   .     (helmet currently unavailable)
rElec  .         Reflect  .     (cloak currently unavailable)
rCorr  .         Harm     .     (gloves currently unavailable)
MR     .....     NoTele   +     (no barding)
Stlth  +.........               (no amulet)
                                t - ring of wizardry
                                e - ring of loudness (curse)

@: lethally poisoned (0 -> -2), short of breath, tree-form
A: see invisible, (deformed body), (poison resistance), (slowness 0), slow
metabolism 1, spit poison 1, AC +2
a: Spit Poison, Renounce Religion


You were on level 4 of the Dungeon.
You worshipped Vehumet.
Vehumet was noncommittal.
You were not hungry.
You were a tree.
You visited 1 branch of the dungeon, and saw 4 of its levels.

You collected 337 gold pieces.

Inventory:

Hand Weapons
 h - a +0 dagger
 r - a +0 mace of crushing
 u - a +1 trident of flaming
 w - a +2 flail of protection (weapon)
Armour
 a - a +0 robe (melded)
 g - a +2 cloak (melded)
 B - a +1 hat (melded)
Jewellery
 e - a cursed ring of loudness (left branch)
 t - a ring of wizardry (right branch)
Wands
 x - a wand of flame (24/48)
Scrolls
 i - a scroll of random uselessness {unknown}
 j - 4 scrolls of enchant armour {unknown}
 k - 6 scrolls of identify {unknown}
 l - 3 scrolls of teleportation {unknown}
 m - a scroll of immolation {unknown}
 o - 3 scrolls of remove curse {unknown}
 y - a scroll of fog {unknown}
Potions
 p - a potion of cure mutation {unknown}
 s - a potion of flight
 v - a potion of curing {unknown}
Books
 b - a book of Conjurations

   Spells                             Type                      Level
   a - Magic Dart                     Conjuration                  1
   b - Searing Ray                    Conjuration                  2
   c - Dazzling Spray                 Conjuration/Hexes            3
   d - Fulminant Prism                Conjuration/Hexes            4
   e - Iskenderun's Mystic Blast      Conjuration                  4
   f - Iskenderun's Battlesphere      Conjuration/Charms           5
Comestibles
 c - 5 bread rations
 d - a slice of pizza
 f - 2 meat rations
 q - 3 fruits


   Skills:
 - Level 1.5 Dodging
 - Level 3.0 Stealth
 * Level 5.3 Spellcasting
 + Level 5.5 Conjurations


You had 12 spell levels left.
You knew the following spells:

 Your Spells              Type           Power        Failure   Level  Hunger
a - Magic Dart            Conj           ###.         1%          1    None
b - Searing Ray           Conj           ###...       1%          2    #......


Dungeon Overview and Level Annotations

Branches:
Dungeon (4/15)             Temple (0/1) D:4

Altars:
Ru
Vehumet
Beogh


Innate Abilities, Weirdness & Mutations

You cannot wear boots.
((Your serpentine skin is tough. (AC +2)))
You have supernaturally acute eyesight. (SInv)
((Armour fits poorly on your strangely shaped body.))
((Your system is resistant to poisons. (rPois)))
((You cover ground very slowly.))
You have a slow metabolism.
You can spit poison.


Message History

The orc wizard gestures at you while chanting.
The magic dart hits you!
* * * LOW HITPOINT WARNING * * *
The orc wizard hits you with a dagger of venom.
* * * LOW HITPOINT WARNING * * *
It was a potion of flight.
You feel very buoyant.
You fly up into the air.
* * * LOW HITPOINT WARNING * * *
You feel sick.
The orc wizard hits you with a dagger of venom.
* * * LOW HITPOINT WARNING * * *
It was a potion of cancellation.
Your magical effects are unravelling.
You feel magically purged.
You float gracefully downwards.
The orc wizard hits you but does no damage.
It was a potion of lignification.
You turn into a tree.
Your +2 cloak melds into your body.
Your +1 hat melds into your body.
Your +0 robe melds into your body.
Your roots penetrate the ground.
You die...

#### #$$.##
###)8.8.#
#######[♣o.)$_#
#.......#.8$8.#
#.......##$..##
#........#####
#...###'##########≈P
### #.[...........P≈
#..............PP♣
###.##.........PP ♣♣
##.####........' ≈≈≈


You could see an orc wizard.

Vanquished Creatures
  2 orc priests
  An iguana (D:4)
  Natasha (thrice) (D:3)
  An orc wizard (D:3)
  A statue (D:4)
  4 adders
  4 gnolls
  An ooze (D:2)
  A dart slug (D:1)
  3 leopard geckos
  9 orcs
  A ball python (D:3)
  4 giant cockroaches
  11 goblins
  5 hobgoblins
  10 jackals
  3 quokkas
  7 bats
  3 frilled lizards
  4 kobolds
  A quokka skeleton (D:4)
  7 rats
  A fungus (D:1)
87 creatures vanquished.

Notes
Turn   | Place    | Note
-------+----------+-------------------------------------------
     0 | D:1      | Dfrag the Naga Conjurer began the quest for the Orb.
     0 | D:1      | Reached XP level 1. HP: 15/15 MP: 3/3
   200 | D:1      | Reached XP level 2. HP: 22/22 MP: 2/5
   301 | D:1      | Reached XP level 3. HP: 15/28 MP: 4/7
   715 | D:2      | Learned a level 2 spell: Searing Ray
   863 | D:2      | Reached XP level 4. HP: 30/36 MP: 5/9
  1557 | D:3      | Noticed Natasha
  1560 | D:3      | Killed Natasha
  1560 | D:3      | Reached XP level 5. HP: 39/42 MP: 8/11
  2280 | D:3      | Noticed Natasha
  2290 | D:3      | Killed Natasha
  2290 | D:3      | Reached skill level 5 in Conjurations
  2290 | D:3      | Reached XP level 6. HP: 42/49 MP: 2/13
  2338 | D:3      | Noticed Natasha
  2340 | D:3      | Killed Natasha
  2393 | D:4      | Reached skill level 5 in Spellcasting
  2445 | D:4      | Found a radiant altar of Vehumet.
  2451 | D:4      | Became a worshipper of Vehumet
  2722 | D:4      | Found a staircase to the Ecumenical Temple.
  2851 | D:4      | Found a sacrificial altar of Ru.
  2873 | D:4      | Found a roughly hewn altar of Beogh.
  2892 | D:4      | HP: 1/49 [orc wizard/dagger of venom (2)]
  2894 | D:4      | Succumbed to an orc wizard's poison

Vault maps used:
D:1:      minmay_arrival_semitransparent, minmay_gold_behind_fungi
D:2:      serial_glass, glass_columns_a, glass_columns_a, glass_columns_c,
          glass_columns_c, glass_columns_a, glass_columns_c, minmay_pentomino_x2
D:3:      first_bread, grunt_decor_mini_mirrors, uniq_natasha
D:4:      vehumet_statue, marbit_many_paths, dk_noncrumbling_2,
          serial_bayou_lagoon_a, kennysheep_orc_chapel

Skill      XL: |  1  2  3  4  5  6 |
---------------+-------------------+-----
Spellcasting   | 3 4 5 |  5.3
Conjurations   | 5 |  5.5
Dodging        | |  1.5
Stealth        | |  3.0

Action                   |  1- 3 |  4- 6 || total
-------------------------+-------+-------++-------
Melee: Unarmed           |     6 |       ||     6
       Dagger            |    33 |     5 ||    38
       Flail             |       |    36 ||    36
       Mace              |       |     7 ||     7
       Trident           |       |     3 ||     3
 Cast: Magic Dart        |    38 |    48 ||    86
       Searing Ray       |     1 |    12 ||    13
 Abil: Spit Poison       |    13 |    21 ||    34
  Use: Potion            |       |     3 ||     3
  Eat: Chunk             |       |     7 ||     7
Armor: Robe              |    11 |    42 ||    53
Dodge: Dodged            |    25 |    82 ||   107
